 Dungeon Crawl Stone Soup version 0.31-a0-981-geadf994542 (webtiles) character file.

Game seed: 9250413337522803918

840 Persephone the Cleaver (level 7, -1/56 HPs)
             Began as a Minotaur Gladiator on Oct 31, 2023.
             Was an Initiate of Gozag.
             Slain by a gnoll bouda
             ... wielding a +0 whip
              (8 damage)
             ... on level 5 of the Dungeon.
             The game lasted 00:03:28 (2983 turns).

Persephone the Cleaver (Minotaur Gladiator)         Turns: 2983, Time: 00:03:29

Health: -1/56      AC:  3    Str: 20    XL:     7   Next: 67%
Magic:  6/6        EV: 12    Int:  5    God:    Gozag
Gold:   276        SH:  8    Dex: 12    Spells: 6/6 levels left

rFire   . . .        a - +0 war axe
rCold   . . .        k - +0 buckler
rNeg    . . .        b - +0 leather armour
rPois   .            c - +0 hat
rElec   .            f - scarf {repulsion}
rCorr   .            (no gloves)
SInv    .            (no boots)
Will    .....        l - amulet of reflection
Stlth   +            m - +4 ring of slaying
HPRegen 0.29/turn    (no ring)
MPRegen 0.10/turn

%: repel missiles, reflection
@: weakened, gold aura
A: horns 2, retaliatory headbutt
a: Renounce Religion, Potion Petition, Call Merchant, Bribe Branch


You were on level 5 of the Dungeon.
You worshipped Gozag.
Gozag was aware of your devotion.
You visited 2 branches of the dungeon, and saw 6 of its levels.

You collected 322 gold pieces.
You paid 46 gold pieces to Gozag.

Inventory:

Hand Weapons
 a - a +0 war axe (weapon)
Missiles
 d - 3 throwing nets
 g - a javelin
 z - 3 poisoned darts
Armour
 b - a +0 leather armour (worn)
 c - a +0 hat (worn)
 f - a scarf of repulsion (worn)
 k - a +0 buckler (worn)
 t - a +0 chain mail
Jewellery
 l - an amulet of reflection (around neck)
 m - a +4 ring of slaying (left hand)
 o - an amulet of faith
 y - a +6 ring of intelligence
Scrolls
 e - 4 scrolls of teleportation
 u - a scroll of immolation {unknown}
 v - 2 scrolls of identify {unknown}
 x - a scroll of blinking {unknown}
Potions
 h - 3 potions of heal wounds
 i - 2 potions of curing {unknown}
 j - a potion of berserk rage {unknown}
 n - a potion of brilliance {unknown}
 q - a potion of degeneration {unknown}
 s - 2 potions of might {unknown}
 w - 2 potions of haste {unknown}


   Skills:
 - Level 2.4 Fighting
 + Level 11.0 Axes
 - Level 2.0 Throwing
 - Level 3.2 Dodging


You had 6 spell levels left.
You didn't know any spells.
Your spell library contained the following spells:

 Spells                   Type           Power      Damage    Failure   Level
 Ensorcelled Hibernation  Hex/Ice        0%         N/A       77%         2
 Passwall                 Tmut/Erth      0%         N/A       77%         2
 Swiftness                Air            0%         N/A       94%         3


Dungeon Overview and Level Annotations

Branches:
Dungeon (5/15)             Temple (1/1) D:4

Altars:
Cheibriados
Dithmenos
Elyvilon
Fedhas
Gozag
Hepliaklqana
Kikubaaqudgha
Makhleb
Nemelex Xobeh
Qazlal
Sif Muna
Uskayaw
Vehumet
Wu Jian
Yredelemnul
Zin


Innate Abilities, Weirdness & Mutations

You have a pair of horns on your head.
You reflexively headbutt those who attack you in melee.


Message History

You block the gnoll bouda's attack.
The gnoll hits you from afar with a +0 spear.
The sleepcap barely misses you.
The gnoll bouda gazes fiercely through you!
You feel as though you will be weak longer.
The gnoll bouda closely misses you. The gnoll misses you.
Things that are here:
7 gold pieces; a +0 whip The gnoll bouda gazes fiercely through you!
You feel as though you will be weak longer.
You hit the sleepcap.
The sleepcap is lightly damaged.
You hit the gnoll bouda but do no damage.
The sleepcap releases spores at you.
You are engulfed in a cloud of soporific spores!
You fall asleep.
The gnoll completely misses you. The sleepcap releases spores at you.
You wake up.
The gnoll bouda hits you with a +0 whip.
You block the gnoll's attack.
You hit the sleepcap.
The sleepcap is moderately damaged.
You hit the gnoll bouda but do no damage.
The sleepcap releases spores at you.
You are engulfed in a cloud of soporific spores!
You are unaffected.
The gnoll bouda gazes fiercely through you!
You feel as though you will be weak longer.
The gnoll bouda hits you with a +0 whip!
* * * LOW HITPOINT WARNING * * *
The gnoll hits you from afar with a +0 spear.
* * * LOW HITPOINT WARNING * * *
You slash the sleepcap!
The sleepcap is heavily damaged.
You closely miss the gnoll bouda. You block the sleepcap's attack.
The gnoll bouda gazes fiercely through you!
You feel as though you will be weak longer.
The gnoll bouda hits you with a +0 whip!
You die...
Your body crumbles into a pile of gold.

## #... #.... #....
####+###
#...#######......#
#...##..?##......#
#....#.....g.....#
#....'....$$g....#
#....#.....f@....#
#...##...##......#
#...##...##......#
#...##...##......#
#....#...#.........
#....#...#..........
#....'...+..........
#....#...#..........
#...##..##


You could see a sleepcap, a gnoll bouda and a gnoll (swift).

Vanquished Creatures
  A water moccasin (D:5)
  An ogre (D:4)
  A scorpion (D:4)
  5 wights (D:5)
  A howler monkey (D:3)
  A jelly (D:4)
  2 hounds (D:4)
  A sleepcap (D:5)
  Robin (D:3)
  2 gnolls (D:5)
  2 adders
  A worm (D:4)
  3 dart slugs
  6 orcs
  13 endoplasms
  2 giant cockroaches
  14 goblins
  7 hobgoblins
  9 jackals (D:3)
  10 kobolds
  5 quokkas
  6 ball pythons
  3 bats
  3 frilled lizards
  6 rats
106 creatures vanquished.

Notes
Turn   | Place    | Note
-------+----------+-------------------------------------------
     0 | D:1      | Persephone the Minotaur Gladiator began the quest for the
                  | Orb.
     0 | D:1      | Reached XP level 1. HP: 18/18 MP: 0/0
    59 | D:1      | Reached skill level 4 in Axes
   151 | D:1      | Reached XP level 2. HP: 25/25 MP: 1/1
   445 | D:2      | Reached skill level 5 in Axes
   510 | D:2      | Reached XP level 3. HP: 26/30 MP: 2/2
  1226 | D:3      | Found a shimmering blue altar of Sif Muna.
  1292 | D:3      | Reached skill level 6 in Axes
  1292 | D:3      | Reached XP level 4. HP: 36/37 MP: 3/3
  1390 | D:3      | Noticed Robin
  1402 | D:3      | Reached XP level 5. HP: 19/42 MP: 4/4
  1404 | D:3      | Killed Robin
  1405 | D:3      | Reached skill level 7 in Axes
  1810 | D:4      | Found a staircase to the Ecumenical Temple.
  1881 | Temple   | Entered the Ecumenical Temple
  1896 | Temple   | Became a worshipper of Gozag Ym Sagoz the Greedy
  1962 | D:4      | Noticed an ogre
  1970 | D:4      | Reached skill level 8 in Axes
  1973 | D:4      | Killed an ogre
  1974 | D:4      | Reached XP level 6. HP: 39/50 MP: 5/5
  2138 | D:4      | Reached skill level 9 in Axes
  2250 | D:4      | Found a snail-covered altar of Cheibriados.
  2618 | D:5      | Entered Level 5 of the Dungeon
  2634 | D:5      | Reached XP level 7. HP: 18/56 MP: 6/6
  2637 | D:5      | Reached skill level 10 in Axes
  2801 | D:5      | Found an ornate altar of the Wu Jian Council.
  2873 | D:5      | Found a white marble altar of Elyvilon.
  2976 | D:5      | Reached skill level 11 in Axes
  2983 | D:5      | Slain by a gnoll bouda

Illustrated notes

Levels and vault maps discovered:
D:1:      reono_arrival_forest_river, layout_rooms
D:2:      layout_basic
D:3:      minmay_wonky_spiral, layout_rooms, general_overflow_altar,
          supply_closet_lemuel, serial_bayou_pond_d, uniq_robin
D:4:      layout_rooms, lemuel_doored_altar, temple_fountains,
          minmay_misc_feat_ornament
D:5:      layout_gridville, mainiacjoe_overflow_large_starburst, serial_shops,
          nicolae_shop_real_fake_doors
Temple:   hellmonk_temple_forest_ring

Skill      XL: |  1  2  3  4  5  6  7 |
---------------+----------------------+-----
Axes           | 4 5 6 8 9 11 | 11.0
Fighting       | |  2.4
Throwing       | |  2.0
Dodging        | |  3.2

Action                     |  1- 3 |  4- 6 |  7- 9 || total
---------------------------+-------+-------+-------++-------
  Melee: War axe           |    60 |    84 |    22 ||   166
         Punch             |     2 |       |       ||     2
         Headbutt          |     3 |    13 |     4 ||    20
  Throw: Javelin           |     4 |       |       ||     4
         Dart              |       |    47 |       ||    47
    Use: Scroll            |     1 |       |     2 ||     3
         Potion            |       |       |     1 ||     1
 Armour: Leather armour    |    29 |    43 |    18 ||    90
  Dodge: Dodged            |    44 |    45 |    13 ||   102
         Repelled          |       |     1 |       ||     1
  Block: Buckler           |     4 |    23 |    11 ||    38
         Reflection        |       |     1 |     2 ||     3

Table legend: (Time is in decaauts)
 A = Elapsed time spent in this place.
 B = Non-inter-level travel time spent in this place.
 C = Inter-level travel time spent in this place.
 D = Time resting spent in this place.
 E = Time spent auto-exploring this place.
 F = Levels seen in this place.
 G = Mean time per level.
                   A        B        C        D        E       F      G
               +--------+--------+--------+--------+--------+-----+--------+
         Total |   3015 |   2836 |    179 |      0 |   2336 |   6 |  502.5 |
       Dungeon |   2985 |   2834 |    151 |      0 |   2336 |   5 |  597.0 |
        Temple |     29 |      1 |     28 |      0 |      0 |   1 |   29.0 |
               +--------+--------+--------+--------+--------+-----+--------+

Top non-repeatable levels by time:
     D:2: 821 daAuts
     D:4: 790 daAuts
     D:3: 583 daAuts
     D:1: 423 daAuts
     D:5: 365 daAuts
  Temple: 29 daAuts
